Flames vs Sharks
Created - March 10, 2022 at 19:32
Goals
|
| Flames |
1 |
0 |
0 |
1 |
| Sharks |
2 |
1 |
1 |
4 |
|
Shots
|
| Flames |
15 |
12 |
8 |
35 |
| Sharks |
10 |
9 |
10 |
29 |
|
1st period
1. Sharks , Brandon Gormley 2 (Ben Smith 18) at 10:12
2. Flames , Brad Marchand 9 (Patrik Berglund 17, Bryan Rust 7) at 18:36
3. Sharks , Luke Adam 2 (Ben Lovejoy 1) at 19:56
Penalties :
Gilbert Brule (S.J) for Tripping (Minor) at 12:02
2nd period
4. Sharks , Milan Michalek 7 (Tyler Cuma 10, Ilya Kovalchuk 17) at 16:22
Penalties :
Gustav Nyquist (S.J) for Interference (Minor) at 4:12, Colby Robak (Cal) for Interference (Minor) at 10:40, Vladimir Sobotka (Cal) for Hooking (Minor) at 13:07, David Booth (S.J) for Slashing (Minor) at 16:37
3rd period
5. Sharks , Gilbert Brule 13 (Ben Smith 19, Karl Alzner 12) at 7:31 (PP)
Penalties :
Gilbert Brule (S.J) for Interference (Minor) at 1:58, Alexander Semin (Cal) for Hooking (Minor) at 2:03, Christian Folin (Cal) for Cross-checking (Minor) at 7:04, Erik Johnson (Cal) for Tripping (Minor) at 13:39, Milan Michalek (S.J) for Hooking (Minor) at 18:51
Goalie Stats
Christopher Gibson (Cal), 25 saves from 29 shots - (0.862), L, 2-3-0, 60:00 minutes
Philipp Grubauer (S.J), 34 saves from 35 shots - (0.971), W, 16-10-6, 60:00 minutes
Players Stats for Flames
Player Name G A P +/- PIM S H SB GA TA FO MP PP MP PK MP
------------------------------------------------------------------------------------
Alexander Semin 0 0 0 0 2 1 3 1 1 0 1/2 21:46 4:00 1:30
Anders Lee 0 0 0 -1 0 2 0 0 1 0 1/4 8:06 0:00 0:20
Brad Marchand 1 0 1 0 0 2 1 0 1 0 1/1 12:38 0:00 0:33
Brendan Mikkelson 0 0 0 0 0 0 0 0 0 1 0/0 16:24 0:00 4:22
Bryan Rust 0 1 1 0 0 2 0 0 0 0 0/0 15:07 0:08 3:42
Christian Folin 0 0 0 -1 2 4 3 1 0 0 0/0 20:33 2:41 3:01
Colby Robak 0 0 0 0 2 0 1 1 0 0 0/0 13:46 0:00 1:40
Colin Wilson 0 0 0 -1 0 1 0 0 0 0 4/7 9:46 0:08 0:00
David Backes 0 0 0 0 0 3 1 1 0 0 0/0 20:55 3:53 0:03
David Ullstrom 0 0 0 -1 0 1 1 0 1 0 0/0 7:43 0:00 0:00
Eric Staal 0 0 0 0 0 3 2 1 1 2 12/28 22:32 3:53 1:35
Erik Johnson 0 0 0 -1 2 2 3 1 0 0 0/0 26:39 4:29 2:31
Esa Lindell 0 0 0 -1 0 0 2 1 0 1 0/0 18:46 2:41 1:19
Kyle Palmieri 0 0 0 -1 0 2 0 0 0 0 0/0 12:29 3:09 1:32
Patrik Berglund 0 1 1 0 0 4 1 0 4 0 11/20 18:45 3:09 3:43
Sami Vatanen 0 0 0 -1 0 5 0 0 1 1 0/0 23:56 4:29 0:05
Tanner Pearson 0 0 0 -1 0 3 0 1 2 1 0/0 12:24 3:09 0:00
Vladimir Sobotka 0 0 0 -1 2 0 0 1 0 0 0/0 9:17 0:00 0:00
Players Stats for Sharks
Player Name G A P +/- PIM S H SB GA TA FO MP PP MP PK MP
------------------------------------------------------------------------------------
Andrej Sekera 0 0 0 0 0 0 1 4 0 1 0/0 18:17 0:51 1:21
Ben Lovejoy 0 1 1 2 0 1 1 0 0 0 0/0 16:28 1:46 2:30
Ben Smith 0 2 2 -1 0 1 2 0 1 0 0/0 22:46 3:42 4:14
Bobby Butler 0 0 0 1 0 3 1 0 0 0 0/0 8:15 0:00 0:00
Boone Jenner 0 0 0 1 0 0 0 0 1 0 4/7 11:16 0:00 1:17
Brandon Dubinsky 0 0 0 1 0 1 3 0 0 0 7/12 17:49 2:45 1:51
Brandon Gormley 1 0 1 0 0 2 2 1 0 2 0/0 19:51 3:19 2:20
David Booth 0 0 0 -1 2 3 2 0 0 1 1/2 20:50 3:44 1:31
Gilbert Brule 1 0 1 -1 4 5 3 0 2 1 17/36 21:07 3:44 3:02
Gustav Nyquist 0 0 0 1 2 1 1 0 0 1 0/1 10:08 0:02 0:15
Ilya Kovalchuk 0 1 1 1 0 2 1 0 1 0 0/0 14:47 2:45 0:00
Karl Alzner 0 1 1 0 0 2 1 0 0 3 0/0 24:21 3:51 3:19
Luke Adam 1 0 1 1 0 3 1 0 1 0 2/3 8:59 0:00 0:00
Milan Michalek 1 0 1 1 2 2 0 1 0 0 1/1 16:56 2:45 2:10
Oskar Osala 0 0 0 1 0 0 1 0 0 0 0/0 8:59 0:00 0:00
Steve Eminger 0 0 0 0 0 1 3 0 0 0 0/0 12:01 0:00 0:00
Tyler Cuma 0 1 1 2 0 2 1 5 0 3 0/0 29:02 3:11 4:50
Zach Boychuk 0 0 0 1 0 0 2 0 0 0 0/0 8:59 0:00 0:00
3 Stars
1 - Philipp Grubauer (S.J)
2 - Tyler Cuma (S.J)
3 - Luke Adam (S.J)
Power Play
Flames - 0 on 5 Attempt(s) - 0.00%
Sharks - 1 on 5 Attempt(s) - 20.00%
Penalty Kill
Flames - 4 on 5 Attempt(s) - 80.00%
- Score 0 goal in Penalty Kill
Sharks - 5 on 5 Attempt(s) - 100.00%
- Score 0 goal in Penalty Kill
Team Stat
Flames - Hits : 18 - Faceoff Wins : 30 - Blocked Shots : 9 - Penalty Minutes : 10
Sharks - Hits : 26 - Faceoff Wins : 32 - Blocked Shots : 11 - Penalty Minutes : 10
Official
Referees : Kyle Rehman and Dan O'Rourke
Linesman : Kiel Murchison and Brad Kovachik
Game Notes
Ben Lovejoy is injured at 16:49 of 2nd period (Right Forearm)
Finance
Level 1 -- Attendance: 6000 (100.00%) -- Ticket Income $600,000
Level 2 -- Attendance: 4494 (89.88%) -- Ticket Income $269,640
Level 3 -- Attendance: 1883 (94.15%) -- Ticket Income $65,905
Level 4 -- Attendance: 3631 (90.78%) -- Ticket Income $90,775
Luxury Box -- Attendance: 912 (91.20%) -- Ticket Income $182,400
Game was played at the SAP Center.
Total Attendance: 16920 (94.00%)
Total Ticket Income: $1,208,720
Other Income: $181,308
Total Income: $1,390,028
Flames
5 vs 5 Forward
Center Left Wing Right Wing Time % Phy DF OF
1 Eric Staal Alexander Semin David Backes 40 1 2 2
2 Patrik Berglund Brad Marchand Bryan Rust 30 1 2 2
3 Colin Wilson Tanner Pearson Vladimir Sobotka 20 1 2 2
4 Anders Lee David Ullstrom Kyle Palmieri 10 1 2 2
5 vs 5 Defense
Defense Defense Time % Phy DF OF
1 Erik Johnson Sami Vatanen 40 1 2 2
2 Esa Lindell Christian Folin 31 1 2 2
3 Colby Robak Brendan Mikkelson 22 1 2 2
4 Erik Johnson Brendan Mikkelson 7 1 2 2
PowerPlay Forward
Center Left Wing Right Wing Time % Phy DF OF
1 Eric Staal Alexander Semin David Backes 60 1 1 3
2 Patrik Berglund Tanner Pearson Kyle Palmieri 40 1 2 2
PowerPlay Defense
Defense Defense Time % Phy DF OF
1 Erik Johnson Sami Vatanen 60 1 1 3
2 Esa Lindell Christian Folin 40 1 2 2
Penalty Kill 4 Players Forward
Center Wing Time % Phy DF OF
1 Patrik Berglund Bryan Rust 60 1 2 2
2 Eric Staal Kyle Palmieri 40 1 2 2
Penalty Kill 4 Players Defense
Defense Defense Time % Phy DF OF
1 Erik Johnson Brendan Mikkelson 60 1 2 2
2 Colby Robak Christian Folin 40 1 2 2
Penalty Kill - 3 Players Forward
Forward Time % Phy DF OF
1 Brad Marchand 60 1 2 2
2 Bryan Rust 40 1 2 2
Penalty Kill - 3 Players Defense
Defense Defense Time % Phy DF OF
1 Erik Johnson Brendan Mikkelson 60 1 2 2
2 Colby Robak Christian Folin 40 1 2 2
4 vs 4 Forward
Center Wing Time % Phy DF OF
1 Eric Staal David Backes 60 1 2 2
2 Patrik Berglund Alexander Semin 40 1 2 2
4 vs 4 Defense
Defense Defense Time % Phy DF OF
1 Erik Johnson Sami Vatanen 60 1 2 2
2 Esa Lindell Christian Folin 40 1 2 2
Last Minutes Offensive
Center Left Wing Right Wing Defense Defense
Eric Staal Alexander Semin David Backes Erik Johnson Sami Vatanen
Last Minutes Defensive
Center Left Wing Right Wing Defense Defense
Eric Staal Alexander Semin David Backes Erik Johnson Sami Vatanen
Goaltenders
Starting : Christopher Gibson
Backup : Henrik Lundqvist
Extra Forwards
Normal : Brad Marchand, Bryan Rust, Colin Wilson - PP : Tanner Pearson, Colin Wilson - PK : Alexander Semin
Extra Defensemen
Normal : Esa Lindell, Christian Folin, Brendan Mikkelson - PP : Esa Lindell - PK : Christian Folin, Brendan Mikkelson
Penalty Shots
Eric Staal, Alexander Semin, Tanner Pearson, Patrik Berglund, Anders Lee
Scratches
David Savard (Healthy), Jimmy Hayes (Healthy)
Sharks
5 vs 5 Forward
Center Left Wing Right Wing Time % Phy DF OF
1 Gilbert Brule David Booth Ben Smith 40 1 2 2
2 Brandon Dubinsky Milan Michalek Ilya Kovalchuk 30 1 2 2
3 Boone Jenner Gustav Nyquist Bobby Butler 20 1 2 2
4 Luke Adam Zach Boychuk Oskar Osala 10 1 2 2
5 vs 5 Defense
Defense Defense Time % Phy DF OF
1 Tyler Cuma Ben Lovejoy 40 1 2 2
2 Brandon Gormley Karl Alzner 30 1 2 2
3 Andrej Sekera Steve Eminger 20 1 2 2
4 Tyler Cuma Ben Lovejoy 10 1 2 2
PowerPlay Forward
Center Left Wing Right Wing Time % Phy DF OF
1 Gilbert Brule David Booth Ben Smith 60 1 2 2
2 Brandon Dubinsky Milan Michalek Ilya Kovalchuk 40 1 2 2
PowerPlay Defense
Defense Defense Time % Phy DF OF
1 Tyler Cuma Ben Lovejoy 60 1 2 2
2 Brandon Gormley Karl Alzner 40 1 2 2
Penalty Kill 4 Players Forward
Center Wing Time % Phy DF OF
1 Gilbert Brule Ben Smith 60 1 3 1
2 Brandon Dubinsky Milan Michalek 40 1 3 1
Penalty Kill 4 Players Defense
Defense Defense Time % Phy DF OF
1 Tyler Cuma Ben Lovejoy 60 1 4 0
2 Brandon Gormley Karl Alzner 40 1 4 0
Penalty Kill - 3 Players Forward
Forward Time % Phy DF OF
1 Ben Smith 60 1 4 0
2 Brandon Dubinsky 40 1 4 0
Penalty Kill - 3 Players Defense
Defense Defense Time % Phy DF OF
1 Tyler Cuma Ben Lovejoy 60 1 4 0
2 Brandon Gormley Karl Alzner 40 1 4 0
4 vs 4 Forward
Center Wing Time % Phy DF OF
1 Gilbert Brule David Booth 60 1 2 2
2 Brandon Dubinsky Milan Michalek 40 1 2 2
4 vs 4 Defense
Defense Defense Time % Phy DF OF
1 Tyler Cuma Ben Lovejoy 60 1 2 2
2 Brandon Gormley Karl Alzner 40 1 2 2
Last Minutes Offensive
Center Left Wing Right Wing Defense Defense
Gilbert Brule David Booth Ben Smith Tyler Cuma Ben Lovejoy
Last Minutes Defensive
Center Left Wing Right Wing Defense Defense
Gilbert Brule David Booth Ben Smith Tyler Cuma Ben Lovejoy
Goaltenders
Starting : Philipp Grubauer
Backup : Anders Lindback
Extra Forwards
Normal : Gustav Nyquist, Brandon Dubinsky, Boone Jenner - PP : Milan Michalek, Brandon Dubinsky - PK : Milan Michalek
Extra Defensemen
Normal : Karl Alzner, Andrej Sekera, Steve Eminger - PP : Karl Alzner - PK : Karl Alzner, Andrej Sekera
Penalty Shots
Ben Smith, Gilbert Brule, Ilya Kovalchuk, David Booth, Milan Michalek
Scratches
Brayden McNabb (Healthy), Dion Phaneuf (Healthy), Jiri Tlusty (Healthy), Ryan Miller (Healthy)
% Time on Ice - Flames
Lines # - Real PCT - Wanted PCT - Time Play
Normal Forward
1 - 37% - 40% - 16:16
2 - 25% - 30% - 11:13
3 - 21% - 20% - 9:15
4 - 17% - 10% - 7:43
Normal Defense
1 - 42% - 40% - 18:38
2 - 31% - 31% - 13:47
3 - 24% - 22% - 10:52
4 - 3% - 7% - 1:10
PP Forward
1 - 56% - 60% - 4:01
2 - 44% - 40% - 3:09
PP Defense
1 - 63% - 60% - 4:29
2 - 37% - 40% - 2:41
PK Forward
1 - 76% - 60% - 4:57
2 - 24% - 40% - 1:32
PK Defense
1 - 69% - 60% - 4:30
2 - 31% - 40% - 1:59
PK3 Forward
1 - 0% - 60%
2 - 0% - 40%
PK3 Defense
1 - 0% - 60%
2 - 0% - 40%
44 Forward
1 - 50% - 60% - 0:57
2 - 50% - 40% - 0:57
44 Defense
1 - 43% - 60% - 0:49
2 - 57% - 40% - 1:05
Last Minute Offensive - 0:00
Last Minute Defensive - 0:00
Total
Forward - 60:00
Defense - 60:00
|
% Time on Ice - Sharks
Lines # - Real PCT - Wanted PCT - Time Play
Normal Forward
1 - 34% - 40% - 15:11
2 - 27% - 30% - 12:02
3 - 19% - 20% - 8:15
4 - 20% - 10% - 8:59
Normal Defense
1 - 41% - 40% - 18:22
2 - 30% - 30% - 13:21
3 - 25% - 20% - 11:05
4 - 4% - 10% - 1:39
PP Forward
1 - 58% - 60% - 3:44
2 - 42% - 40% - 2:45
PP Defense
1 - 59% - 60% - 3:50
2 - 41% - 40% - 2:39
PK Forward
1 - 79% - 60% - 5:40
2 - 21% - 40% - 1:30
PK Defense
1 - 67% - 60% - 4:50
2 - 33% - 40% - 2:20
PK3 Forward
1 - 0% - 60%
2 - 0% - 40%
PK3 Defense
1 - 0% - 60%
2 - 0% - 40%
44 Forward
1 - 100% - 60% - 1:54
2 - 0% - 40% - 0:00
44 Defense
1 - 100% - 60% - 1:54
2 - 0% - 40% - 0:00
Last Minute Offensive - 0:00
Last Minute Defensive - 0:00
Total
Forward - 60:00
Defense - 60:00
|
Play-by-Play
1st period
0:01 of 1st period - Eric Staal wins face-off versus Gilbert Brule in neutral zone.
0:06 of 1st period - Wrist shot by Eric Staal.
0:06 of 1st period - Shot Blocked by Tyler Cuma.
1:14 of 1st period - Off-side.
1:15 of 1st period - Eric Staal wins face-off versus Gilbert Brule in neutral zone.
1:20 of 1st period - Backhand shot by David Backes.
1:20 of 1st period - Deflect By Eric Staal.
1:20 of 1st period - Shot Misses the Net.
1:20 of 1st period - Puck is out of play.
1:21 of 1st period - Gilbert Brule wins face-off versus Anders Lee in Sharks zone.
1:21 of 1st period - Gilbert Brule is hit by David Ullstrom.
1:37 of 1st period - Wrist shot by Gilbert Brule.
1:37 of 1st period - Shot Blocked by Colby Robak.
2:13 of 1st period - Bryan Rust is hit by Tyler Cuma and loses puck.
3:34 of 1st period - Snap shot by Kyle Palmieri.
3:34 of 1st period - Stopped by Philipp Grubauer without a rebound.
3:35 of 1st period - Brandon Dubinsky wins face-off versus Eric Staal in Sharks zone.
3:46 of 1st period - Slapshot by David Backes.
3:46 of 1st period - Stopped by Philipp Grubauer without a rebound.
3:47 of 1st period - Brandon Dubinsky wins face-off versus Eric Staal in Sharks zone.
3:47 of 1st period - Brandon Dubinsky is hit by Christian Folin.
4:01 of 1st period - Slapshot by Ilya Kovalchuk.
4:01 of 1st period - Stopped by Christopher Gibson without a rebound.
4:02 of 1st period - Gilbert Brule wins face-off versus Patrik Berglund in Flames zone.
4:05 of 1st period - Snap shot by David Booth.
4:05 of 1st period - Stopped by Christopher Gibson without a rebound.
4:06 of 1st period - Gilbert Brule wins face-off versus Patrik Berglund in Flames zone.
4:15 of 1st period - Backhand shot by Patrik Berglund.
4:15 of 1st period - Stopped by Philipp Grubauer with a rebound.
4:57 of 1st period - Slapshot by Tyler Cuma.
4:57 of 1st period - Shot Blocked by Christian Folin.
5:03 of 1st period - Wrist shot by Luke Adam.
5:03 of 1st period - Shot Misses the Net.
6:34 of 1st period - Wrist shot by Ben Smith.
6:34 of 1st period - Shot Misses the Net.
6:36 of 1st period - Snap shot by Ben Smith.
6:36 of 1st period - Shot Misses the Net.
7:09 of 1st period - Colby Robak is hit by Oskar Osala and loses puck.
7:16 of 1st period - Wrist shot by Anders Lee.
7:16 of 1st period - Stopped by Philipp Grubauer with a rebound.
7:18 of 1st period - Slapshot by Erik Johnson.
7:18 of 1st period - Stopped by Philipp Grubauer with a rebound.
7:39 of 1st period - Steve Eminger is hit by Alexander Semin and loses puck.
7:56 of 1st period - Sami Vatanen is hit by Steve Eminger and loses puck.
8:09 of 1st period - Patrik Berglund is hit by Brandon Gormley and loses puck.
8:20 of 1st period - Slapshot by Sami Vatanen.
8:20 of 1st period - Stopped by Philipp Grubauer without a rebound.
8:21 of 1st period - Luke Adam wins face-off versus Colin Wilson in Sharks zone.
9:08 of 1st period - Milan Michalek is hit by Esa Lindell and loses puck.
9:17 of 1st period - Wrist shot by Patrik Berglund.
9:17 of 1st period - Stopped by Philipp Grubauer with a rebound.
9:19 of 1st period - Wrist shot by Brad Marchand.
9:19 of 1st period - Stopped by Philipp Grubauer with a rebound.
9:36 of 1st period - Backhand shot by Tanner Pearson.
9:36 of 1st period - Stopped by Philipp Grubauer with a rebound.
9:48 of 1st period - Andrej Sekera is hit by Eric Staal and loses puck.
10:12 of 1st period - Slapshot by Brandon Gormley.
10:12 of 1st period - Goal by Brandon Gormley - Flames : 0 - Sharks : 1.
10:13 of 1st period - Eric Staal wins face-off versus Gilbert Brule in neutral zone.
10:15 of 1st period - Off-side.
10:16 of 1st period - Gilbert Brule wins face-off versus Eric Staal in neutral zone.
10:25 of 1st period - Slapshot by Ben Smith.
10:25 of 1st period - Shot Misses the Net.
10:27 of 1st period - Slapshot by Tyler Cuma.
10:27 of 1st period - Stopped by Christopher Gibson with a rebound.
10:29 of 1st period - Wrist shot by David Booth.
10:29 of 1st period - Stopped by Christopher Gibson without a rebound.
10:30 of 1st period - Brandon Dubinsky wins face-off versus Eric Staal in Flames zone.
10:53 of 1st period - Milan Michalek is hit by Alexander Semin and loses puck.
11:02 of 1st period - Wrist shot by Alexander Semin.
11:02 of 1st period - Shot Blocked by Tyler Cuma.
11:04 of 1st period - Wrist shot by Alexander Semin.
11:04 of 1st period - Shot Misses the Net.
11:06 of 1st period - Snap shot by Erik Johnson.
11:06 of 1st period - Shot Blocked by Milan Michalek.
11:08 of 1st period - Slapshot by Erik Johnson.
11:08 of 1st period - Shot Misses the Net.
11:32 of 1st period - Snap shot by David Backes.
11:32 of 1st period - Shot Misses the Net.
11:34 of 1st period - Slapshot by Sami Vatanen.
11:34 of 1st period - Shot Misses the Net.
11:36 of 1st period - Snap shot by Eric Staal.
11:36 of 1st period - Shot Misses the Net.
11:38 of 1st period - Snap shot by David Backes.
11:38 of 1st period - Stopped by Philipp Grubauer without a rebound.
11:39 of 1st period - Gilbert Brule wins face-off versus Patrik Berglund in Sharks zone.
11:56 of 1st period - Slapshot by Bryan Rust.
11:56 of 1st period - Stopped by Philipp Grubauer with a rebound.
12:02 of 1st period - Minor Penalty to Gilbert Brule for Tripping.
12:03 of 1st period - Patrik Berglund wins face-off versus Boone Jenner in Sharks zone.
12:04 of 1st period - Slapshot by Sami Vatanen.
12:04 of 1st period - Stopped by Philipp Grubauer with a rebound.
12:06 of 1st period - Slapshot by Erik Johnson.
12:06 of 1st period - Stopped by Philipp Grubauer without a rebound.
12:07 of 1st period - Boone Jenner wins face-off versus Patrik Berglund in Sharks zone.
14:02 of 1st period - Penalty to Gilbert Brule is over, Gilbert Brule is back on ice.
14:35 of 1st period - Kyle Palmieri is hit by Steve Eminger and loses puck.
14:50 of 1st period - Slapshot by Gustav Nyquist.
14:50 of 1st period - Deflect By Boone Jenner.
14:50 of 1st period - Shot Misses the Net.
14:50 of 1st period - Puck is out of play.
14:51 of 1st period - Colin Wilson wins face-off versus Gilbert Brule in Flames zone.
15:34 of 1st period - Snap shot by Bobby Butler.
15:34 of 1st period - Stopped by Christopher Gibson with a rebound.
16:39 of 1st period - Erik Johnson is hit by Steve Eminger and loses puck.
17:20 of 1st period - Colin Wilson is hit by Karl Alzner and loses puck.
18:02 of 1st period - Snap shot by Milan Michalek.
18:02 of 1st period - Shot Misses the Net.
18:04 of 1st period - Slapshot by Ben Lovejoy.
18:04 of 1st period - Deflect By Milan Michalek.
18:04 of 1st period - Stopped by Christopher Gibson with a rebound.
18:26 of 1st period - Snap shot by Brad Marchand.
18:26 of 1st period - Deflect By Patrik Berglund.
18:26 of 1st period - Shot Misses the Net.
18:26 of 1st period - Puck is out of play.
18:27 of 1st period - Patrik Berglund wins face-off versus Gilbert Brule in Sharks zone.
18:36 of 1st period - Slapshot by Brad Marchand.
18:36 of 1st period - Goal by Brad Marchand - Flames : 1 - Sharks : 1.
18:37 of 1st period - Gilbert Brule wins face-off versus Eric Staal in neutral zone.
18:45 of 1st period - Wrist shot by Brandon Gormley.
18:45 of 1st period - Shot Misses the Net.
18:47 of 1st period - Backhand shot by Karl Alzner.
18:47 of 1st period - Stopped by Christopher Gibson with a rebound.
18:49 of 1st period - Slapshot by David Booth.
18:49 of 1st period - Deflect By Ben Smith.
18:49 of 1st period - Stopped by Christopher Gibson without a rebound.
18:50 of 1st period - Eric Staal wins face-off versus Gilbert Brule in Flames zone.
18:55 of 1st period - Slapshot by Sami Vatanen.
18:55 of 1st period - Stopped by Philipp Grubauer without a rebound.
18:56 of 1st period - Gilbert Brule wins face-off versus Eric Staal in Sharks zone.
19:51 of 1st period - Esa Lindell is hit by Luke Adam and loses puck.
19:56 of 1st period - Wrist shot by Luke Adam.
19:56 of 1st period - Goal by Luke Adam - Flames : 1 - Sharks : 2.
19:57 of 1st period - Eric Staal wins face-off versus Gilbert Brule in neutral zone.
Goals for this period are 1 for Flames vs 2 for Sharks.
Shots for this period are 15 for Flames vs 10 for Sharks.
2nd period
0:01 of 2nd period - Gilbert Brule wins face-off versus Eric Staal in neutral zone.
0:04 of 2nd period - Alexander Semin is hit by David Booth and loses puck.
0:27 of 2nd period - Ben Lovejoy is hit by Christian Folin and loses puck.
0:34 of 2nd period - Tanner Pearson is hit by Gilbert Brule and loses puck.
1:19 of 2nd period - Wrist shot by Ben Smith.
1:19 of 2nd period - Deflect By Gilbert Brule.
1:19 of 2nd period - Stopped by Christopher Gibson without a rebound.
1:20 of 2nd period - Brandon Dubinsky wins face-off versus Alexander Semin in Flames zone.
1:29 of 2nd period - Snap shot by Brandon Dubinsky.
1:29 of 2nd period - Shot Misses the Net.
1:35 of 2nd period - Snap shot by Alexander Semin.
1:35 of 2nd period - Stopped by Philipp Grubauer without a rebound.
1:36 of 2nd period - Boone Jenner wins face-off versus Patrik Berglund in Sharks zone.
2:03 of 2nd period - Eric Staal is hit by Brandon Dubinsky and loses puck.
3:23 of 2nd period - Wrist shot by Kyle Palmieri.
3:23 of 2nd period - Stopped by Philipp Grubauer with a rebound.
3:25 of 2nd period - Snap shot by Christian Folin.
3:25 of 2nd period - Stopped by Philipp Grubauer with a rebound.
3:27 of 2nd period - Slapshot by Christian Folin.
3:27 of 2nd period - Stopped by Philipp Grubauer with a rebound.
4:09 of 2nd period - Slapshot by Tanner Pearson.
4:09 of 2nd period - Deflect By Colin Wilson.
4:09 of 2nd period - Stopped by Philipp Grubauer without a rebound.
4:10 of 2nd period - Boone Jenner wins face-off versus Patrik Berglund in Sharks zone.
4:12 of 2nd period - Minor Penalty to Gustav Nyquist for Interference.
4:13 of 2nd period - Eric Staal wins face-off versus Gilbert Brule in Sharks zone.
5:51 of 2nd period - Erik Johnson is hit by David Booth and loses puck.
6:12 of 2nd period - Penalty to Gustav Nyquist is over, Gustav Nyquist is back on ice.
6:37 of 2nd period - Backhand shot by Tyler Cuma.
6:37 of 2nd period - Stopped by Christopher Gibson with a rebound.
6:39 of 2nd period - Wrist shot by Gustav Nyquist.
6:39 of 2nd period - Shot Hit the Post.
6:41 of 2nd period - Slapshot by Ben Lovejoy.
6:41 of 2nd period - Stopped by Christopher Gibson without a rebound.
6:42 of 2nd period - Brandon Dubinsky wins face-off versus Anders Lee in Flames zone.
7:50 of 2nd period - Colby Robak is hit by Ilya Kovalchuk and loses puck.
8:13 of 2nd period - Snap shot by Eric Staal.
8:13 of 2nd period - Stopped by Philipp Grubauer with a rebound.
8:27 of 2nd period - Wrist shot by Tanner Pearson.
8:27 of 2nd period - Stopped by Philipp Grubauer without a rebound.
8:28 of 2nd period - Colin Wilson wins face-off versus Boone Jenner in Sharks zone.
8:51 of 2nd period - Brandon Dubinsky is hit by David Backes and loses puck.
9:12 of 2nd period - Alexander Semin is hit by Zach Boychuk and loses puck.
9:17 of 2nd period - Snap shot by Zach Boychuk.
9:17 of 2nd period - Shot Misses the Net.
9:19 of 2nd period - Slapshot by Andrej Sekera.
9:19 of 2nd period - Shot Blocked by Alexander Semin.
9:21 of 2nd period - Slapshot by Steve Eminger.
9:21 of 2nd period - Shot Blocked by Erik Johnson.
9:23 of 2nd period - Wrist shot by Steve Eminger.
9:23 of 2nd period - Stopped by Christopher Gibson with a rebound.
9:40 of 2nd period - Off-side.
9:41 of 2nd period - Patrik Berglund wins face-off versus Gilbert Brule in neutral zone.
9:52 of 2nd period - Snap shot by Patrik Berglund.
9:52 of 2nd period - Stopped by Philipp Grubauer with a rebound.
10:15 of 2nd period - Snap shot by Tanner Pearson.
10:15 of 2nd period - Stopped by Philipp Grubauer with a rebound.
10:40 of 2nd period - Minor Penalty to Colby Robak for Interference.
10:41 of 2nd period - Patrik Berglund wins face-off versus Gilbert Brule in Flames zone.
10:51 of 2nd period - Slapshot by Gilbert Brule.
10:51 of 2nd period - Stopped by Christopher Gibson with a rebound.
10:53 of 2nd period - Wrist shot by David Booth.
10:53 of 2nd period - Shot Misses the Net.
11:07 of 2nd period - Brendan Mikkelson is hit by Brandon Dubinsky and loses puck.
11:32 of 2nd period - Ben Smith is hit by Erik Johnson and loses puck.
12:40 of 2nd period - Penalty to Colby Robak is over, Colby Robak is back on ice.
12:49 of 2nd period - Icing by Colin Wilson.
12:50 of 2nd period - Colin Wilson wins face-off versus Boone Jenner in Flames zone.
12:55 of 2nd period - Snap shot by Colin Wilson.
12:55 of 2nd period - Shot Blocked by Andrej Sekera.
13:05 of 2nd period - Snap shot by Boone Jenner.
13:05 of 2nd period - Shot Misses the Net.
13:07 of 2nd period - Minor Penalty to Vladimir Sobotka for Hooking.
13:08 of 2nd period - Gilbert Brule wins face-off versus Patrik Berglund in Flames zone.
13:19 of 2nd period - Slapshot by Tyler Cuma.
13:19 of 2nd period - Shot Misses the Net.
13:35 of 2nd period - Bryan Rust is hit by Ben Lovejoy and loses puck.
14:01 of 2nd period - Ilya Kovalchuk is hit by Christian Folin.
14:17 of 2nd period - Snap shot by Brandon Dubinsky.
14:17 of 2nd period - Stopped by Christopher Gibson with a rebound.
15:07 of 2nd period - Penalty to Vladimir Sobotka is over, Vladimir Sobotka is back on ice.
15:15 of 2nd period - Wrist shot by Colin Wilson.
15:15 of 2nd period - Shot Blocked by Tyler Cuma.
15:17 of 2nd period - Backhand shot by Christian Folin.
15:17 of 2nd period - Stopped by Philipp Grubauer without a rebound.
15:18 of 2nd period - Boone Jenner wins face-off versus Colin Wilson in Sharks zone.
15:33 of 2nd period - Slapshot by Boone Jenner.
15:33 of 2nd period - Shot Blocked by Esa Lindell.
15:39 of 2nd period - Snap shot by Gustav Nyquist.
15:39 of 2nd period - Stopped by Christopher Gibson without a rebound.
15:40 of 2nd period - Gilbert Brule wins face-off versus Eric Staal in Flames zone.
15:57 of 2nd period - David Booth is hit by Erik Johnson and loses puck.
16:18 of 2nd period - Slapshot by Tyler Cuma.
16:18 of 2nd period - Shot Misses the Net.
16:20 of 2nd period - Snap shot by Tyler Cuma.
16:20 of 2nd period - Shot Misses the Net.
16:22 of 2nd period - Slapshot by Milan Michalek.
16:22 of 2nd period - Goal by Milan Michalek - Flames : 1 - Sharks : 3.
16:23 of 2nd period - Gilbert Brule wins face-off versus Eric Staal in neutral zone.
16:37 of 2nd period - Minor Penalty to David Booth for Slashing.
16:38 of 2nd period - Gilbert Brule wins face-off versus Eric Staal in Sharks zone.
16:48 of 2nd period - Ben Lovejoy is hit by Alexander Semin.
16:49 of 2nd period - Ben Lovejoy from Sharks is injured at 16:49 of 2nd period (Right Forearm).
16:50 of 2nd period - Alexander Semin wins face-off versus Gilbert Brule in Sharks zone.
17:07 of 2nd period - Slapshot by Sami Vatanen.
17:07 of 2nd period - Stopped by Philipp Grubauer without a rebound.
17:08 of 2nd period - Gilbert Brule wins face-off versus Patrik Berglund in Sharks zone.
17:50 of 2nd period - Snap shot by Sami Vatanen.
17:50 of 2nd period - Shot Blocked by Andrej Sekera.
17:52 of 2nd period - Slapshot by Sami Vatanen.
17:52 of 2nd period - Shot Misses the Net.
17:54 of 2nd period - Snap shot by Alexander Semin.
17:54 of 2nd period - Shot Misses the Net.
17:56 of 2nd period - Snap shot by Alexander Semin.
17:56 of 2nd period - Shot Misses the Net.
18:00 of 2nd period - Snap shot by Eric Staal.
18:00 of 2nd period - Shot Blocked by Tyler Cuma.
18:02 of 2nd period - Wrist shot by Eric Staal.
18:02 of 2nd period - Shot Blocked by Tyler Cuma.
18:37 of 2nd period - Penalty to David Booth is over, David Booth is back on ice.
18:54 of 2nd period - Snap shot by David Ullstrom.
18:54 of 2nd period - Stopped by Philipp Grubauer without a rebound.
18:55 of 2nd period - Anders Lee wins face-off versus Brandon Dubinsky in Sharks zone.
19:26 of 2nd period - Backhand shot by Luke Adam.
19:26 of 2nd period - Stopped by Christopher Gibson with a rebound.
19:44 of 2nd period - Brendan Mikkelson is hit by Gilbert Brule and loses puck.
Goals for this period are 0 for Flames vs 1 for Sharks.
Shots for this period are 12 for Flames vs 9 for Sharks.
3rd period
0:01 of 3rd period - Gilbert Brule wins face-off versus Eric Staal in neutral zone.
0:27 of 3rd period - Karl Alzner is hit by Brad Marchand and loses puck.
0:53 of 3rd period - Slapshot by Colin Wilson.
0:53 of 3rd period - Shot Misses the Net.
1:15 of 3rd period - Wrist shot by David Ullstrom.
1:15 of 3rd period - Shot Misses the Net.
1:23 of 3rd period - David Ullstrom is hit by Zach Boychuk and loses puck.
1:36 of 3rd period - Snap shot by Brandon Gormley.
1:36 of 3rd period - Stopped by Christopher Gibson without a rebound.
1:37 of 3rd period - Brandon Dubinsky wins face-off versus Eric Staal in Flames zone.
1:44 of 3rd period - Wrist shot by Brandon Dubinsky.
1:44 of 3rd period - Shot Blocked by Eric Staal.
1:46 of 3rd period - Snap shot by Ilya Kovalchuk.
1:46 of 3rd period - Stopped by Christopher Gibson without a rebound.
1:47 of 3rd period - Eric Staal wins face-off versus Gilbert Brule in Flames zone.
1:47 of 3rd period - Eric Staal is hit by Ben Smith.
1:58 of 3rd period - Minor Penalty to Gilbert Brule for Interference.
1:59 of 3rd period - Milan Michalek wins face-off versus Eric Staal in Sharks zone.
2:03 of 3rd period - Minor Penalty to Alexander Semin for Hooking.
2:04 of 3rd period - David Booth wins face-off versus Eric Staal in Flames zone.
2:36 of 3rd period - Karl Alzner is hit by Esa Lindell and loses puck.
2:59 of 3rd period - Brandon Dubinsky is hit by Patrik Berglund and loses puck.
3:35 of 3rd period - Wrist shot by Patrik Berglund.
3:35 of 3rd period - Shot Misses the Net.
3:37 of 3rd period - Snap shot by Patrik Berglund.
3:37 of 3rd period - Stopped by Philipp Grubauer without a rebound.
3:38 of 3rd period - Eric Staal wins face-off versus Gustav Nyquist in Sharks zone.
3:58 of 3rd period - Penalty to Gilbert Brule is over, Gilbert Brule is back on ice.
4:03 of 3rd period - Penalty to Alexander Semin is over, Alexander Semin is back on ice.
4:09 of 3rd period - Off-side.
4:10 of 3rd period - Colin Wilson wins face-off versus Gilbert Brule in neutral zone.
4:41 of 3rd period - Brendan Mikkelson is hit by Andrej Sekera and loses puck.
5:43 of 3rd period - Luke Adam is hit by Eric Staal and loses puck.
5:58 of 3rd period - Backhand shot by Alexander Semin.
5:58 of 3rd period - Shot Blocked by Andrej Sekera.
6:02 of 3rd period - Snap shot by Eric Staal.
6:02 of 3rd period - Shot Misses the Net.
6:04 of 3rd period - Wrist shot by David Backes.
6:04 of 3rd period - Stopped by Philipp Grubauer with a rebound.
6:06 of 3rd period - Wrist shot by Alexander Semin.
6:06 of 3rd period - Shot Misses the Net.
6:41 of 3rd period - Snap shot by Oskar Osala.
6:41 of 3rd period - Shot Blocked by David Backes.
6:49 of 3rd period - Slapshot by Sami Vatanen.
6:49 of 3rd period - Stopped by Philipp Grubauer without a rebound.
6:50 of 3rd period - Patrik Berglund wins face-off versus David Booth in Sharks zone.
7:04 of 3rd period - Minor Penalty to Christian Folin for Cross-checking.
7:05 of 3rd period - Patrik Berglund wins face-off versus Gilbert Brule in Flames zone.
7:11 of 3rd period - Icing by David Booth.
7:12 of 3rd period - Gilbert Brule wins face-off versus Patrik Berglund in Sharks zone.
7:21 of 3rd period - Slapshot by Karl Alzner.
7:21 of 3rd period - Stopped by Christopher Gibson with a rebound.
7:23 of 3rd period - Snap shot by Gilbert Brule.
7:23 of 3rd period - Stopped by Christopher Gibson with a rebound.
7:31 of 3rd period - Wrist shot by Gilbert Brule.
7:31 of 3rd period - Goal by Gilbert Brule - Flames : 1 - Sharks : 4.
7:32 of 3rd period - Patrik Berglund wins face-off versus Gilbert Brule in neutral zone.
8:26 of 3rd period - Snap shot by David Ullstrom.
8:26 of 3rd period - Shot Blocked by Andrej Sekera.
8:28 of 3rd period - Slapshot by Kyle Palmieri.
8:28 of 3rd period - Deflect By David Ullstrom.
8:28 of 3rd period - Shot Misses the Net.
8:28 of 3rd period - Puck is out of play.
8:29 of 3rd period - Gilbert Brule wins face-off versus Anders Lee in Sharks zone.
9:35 of 3rd period - Wrist shot by Anders Lee.
9:35 of 3rd period - Shot Misses the Net.
10:05 of 3rd period - Snap shot by Anders Lee.
10:05 of 3rd period - Shot Blocked by Brandon Gormley.
10:07 of 3rd period - Snap shot by Anders Lee.
10:07 of 3rd period - Stopped by Philipp Grubauer without a rebound.
10:08 of 3rd period - Eric Staal wins face-off versus Brandon Dubinsky in Sharks zone.
10:11 of 3rd period - Snap shot by Eric Staal.
10:11 of 3rd period - Stopped by Philipp Grubauer without a rebound.
10:12 of 3rd period - Brandon Dubinsky wins face-off versus Eric Staal in Sharks zone.
10:45 of 3rd period - Snap shot by Gustav Nyquist.
10:45 of 3rd period - Shot Misses the Net.
10:47 of 3rd period - Snap shot by Bobby Butler.
10:47 of 3rd period - Stopped by Christopher Gibson with a rebound.
10:49 of 3rd period - Snap shot by Bobby Butler.
10:49 of 3rd period - Stopped by Christopher Gibson without a rebound.
10:50 of 3rd period - Eric Staal wins face-off versus Brandon Dubinsky in Flames zone.
10:50 of 3rd period - Eric Staal is hit by Brandon Dubinsky.
11:24 of 3rd period - Snap shot by Luke Adam.
11:24 of 3rd period - Stopped by Christopher Gibson without a rebound.
11:25 of 3rd period - Patrik Berglund wins face-off versus Luke Adam in Flames zone.
11:35 of 3rd period - Luke Adam is hit by Erik Johnson and loses puck.
12:03 of 3rd period - Wrist shot by Brandon Dubinsky.
12:03 of 3rd period - Shot Misses the Net.
12:05 of 3rd period - Slapshot by Ilya Kovalchuk.
12:05 of 3rd period - Deflect By Brandon Dubinsky.
12:05 of 3rd period - Shot Misses the Net.
12:05 of 3rd period - Puck is out of play.
12:06 of 3rd period - Brad Marchand wins face-off versus Gilbert Brule in Flames zone.
12:11 of 3rd period - Slapshot by Christian Folin.
12:11 of 3rd period - Stopped by Philipp Grubauer without a rebound.
12:12 of 3rd period - Patrik Berglund wins face-off versus Gilbert Brule in Sharks zone.
13:01 of 3rd period - Wrist shot by Bryan Rust.
13:01 of 3rd period - Stopped by Philipp Grubauer without a rebound.
13:02 of 3rd period - Eric Staal wins face-off versus Brandon Dubinsky in Sharks zone.
13:15 of 3rd period - Snap shot by Eric Staal.
13:15 of 3rd period - Stopped by Philipp Grubauer without a rebound.
13:16 of 3rd period - Eric Staal wins face-off versus Brandon Dubinsky in Sharks zone.
13:39 of 3rd period - Minor Penalty to Erik Johnson for Tripping.
13:40 of 3rd period - Patrik Berglund wins face-off versus Gilbert Brule in Flames zone.
13:40 of 3rd period - Patrik Berglund is hit by Gilbert Brule.
13:52 of 3rd period - Slapshot by Gilbert Brule.
13:52 of 3rd period - Stopped by Christopher Gibson with a rebound.
13:54 of 3rd period - Snap shot by David Booth.
13:54 of 3rd period - Stopped by Christopher Gibson without a rebound.
13:55 of 3rd period - Patrik Berglund wins face-off versus Gilbert Brule in Flames zone.
14:10 of 3rd period - Wrist shot by Ben Smith.
14:10 of 3rd period - Shot Misses the Net.
15:21 of 3rd period - Colby Robak is hit by Ben Smith and loses puck.
15:39 of 3rd period - Penalty to Erik Johnson is over, Erik Johnson is back on ice.
15:58 of 3rd period - Vladimir Sobotka is hit by Bobby Butler and loses puck.
16:02 of 3rd period - Icing by Sami Vatanen.
16:03 of 3rd period - Luke Adam wins face-off versus Colin Wilson in Flames zone.
16:16 of 3rd period - Snap shot by Oskar Osala.
16:16 of 3rd period - Shot Blocked by Tanner Pearson.
16:18 of 3rd period - Backhand shot by Zach Boychuk.
16:18 of 3rd period - Shot Blocked by Vladimir Sobotka.
16:40 of 3rd period - Alexander Semin is hit by Brandon Gormley and loses puck.
17:03 of 3rd period - Esa Lindell is hit by Gustav Nyquist and loses puck.
18:17 of 3rd period - Slapshot by Sami Vatanen.
18:17 of 3rd period - Shot Misses the Net.
18:40 of 3rd period - Brandon Gormley is hit by Colby Robak and loses puck.
18:51 of 3rd period - Minor Penalty to Milan Michalek for Hooking.
18:52 of 3rd period - Gilbert Brule wins face-off versus Eric Staal in Sharks zone.
19:29 of 3rd period - Slapshot by Sami Vatanen.
19:29 of 3rd period - Shot Misses the Net.
Goals for this period are 0 for Flames vs 1 for Sharks.
Shots for this period are 8 for Flames vs 10 for Sharks.